[Event "Team 45 45 League T38"]
[Site "Internet Chess Club"]
[Date "2008.09.20"]
[Round "9"]
[White "king4aknight"]
[Black "chips"]
[Result "0-1"]
[WhiteElo "1098"]
[BlackElo "1222"]
[Opening "Scandinavian (center counter) defense"]
[ECO "B01"]
[Time "09:07:39"]
[TimeControl "2700+45"]

1. e4 d5 2. Nc3 dxe4 3. Bc4 Nf6 4. b3 e6 5. Nge2 Bb4 6. Bb2 Bc5 7. Na4 Be7 8.
Nd4 Bd7 9. Qe2 a6 10. Nc3 b5 11. Nxe4 bxc4 12. bxc4 c5 13. Nb3 Bc6 14. d3 Bxe4
15. dxe4 a5 16. Qf3 Nbd7 17. Rd1 a4 18. Nd2 e5 19. O-O Qb8 20. Rb1 Qd6 21. Rfd1
Qc7 22. Qg3 O-O 23. Nf3 Nxe4 24. Qg4 Nef6 25. Qh4 Nd5 26. Ng5 Bxg5 27. Qxg5 N5f6
28. Rd3 Ne4 29. Qf5 Nef6 30. Rh3 g6 31. Qg5 Qd6 32. Re1 Rae8 33. Rh4 e4 34. h3
Re6 35. Qh6 Rb8 36. g4 Qf8 37. Qf4 Rxb2 38. g5 Nh5 39. Qd2 Qd6 40. Qa5 Rxc2 41.
Qd8+ Kg7 42. Qa8 Rxc4 43. Rhxe4 Rcxe4 44. Rxe4 Qd1+ 45. Kg2 Rxe4 46. Qxe4 Qd4
47. Qc6 Nf4+ 48. Kg3 Ne2+ 49. Kg2 Ne5 50. Qf6+ Kf8 51. Qh8+ Ke7 52. Qf6+ Kd7 53.
Qg7 Nf4+ 54. Kg3 Nh5+ {White resigns} 0-1

[Event "Team 45 45 League T38"]
[Site "Internet Chess Club"]
[Date "2008.09.23"]
[Round "9"]
[White "XelNaga"]
[Black "bjoernchess"]
[Result "1-0"]
[WhiteElo "2418"]
[BlackElo "2314"]
[Opening "Caro-Kann: Panov-Botvinnik attack"]
[ECO "B13"]
[Time "12:01:10"]
[TimeControl "2700+45"]

1. e4 c6 2. d4 d5 3. exd5 cxd5 4. c4 Nf6 5. Nc3 Nc6 6. Nf3 Bg4 7. cxd5 Nxd5 8.
Qb3 Bxf3 9. gxf3 Nb6 10. Be3 e6 11. O-O-O Be7 12. d5 exd5 13. Nxd5 Nxd5 14. Rxd5
Qc7 15. Kb1 O-O 16. f4 Nb4 17. Rd4 Rfd8 18. Rxd8+ Rxd8 19. Bc4 Bf8 20. a3 Nc6
21. Bd5 Na5 22. Qd3 Nc6 23. Qc4 Qd7 24. Rd1 Qf5+ 25. Ka2 Rc8 26. Qe4 Qg4 27. f3
Qd7 28. Rd3 a6 29. Bb3 Qc7 30. f5 Rd8 31. Bd5 Qd7 32. Bg5 Re8 33. Bb3 Qc8 34.
Qd5 Qc7 35. Qd7 Rc8 36. Bxf7+ Kh8 37. Be6 Qxd7 38. Rxd7 Re8 39. Rxb7 Nd4 40. Rb6
a5 41. Bf7 Rc8 42. f6 Nxf3 43. Be6 Re8 44. f7 Rxe6 45. Rb8 {Black resigns} 1-0

[Event "Team 45 45 League T38"]
[Site "Internet Chess Club"]
[Date "2008.09.20"]
[Round "9"]
[White "killer21"]
[Black "frothyjowels"]
[Result "1/2-1/2"]
[WhiteElo "2270"]
[BlackElo "2245"]
[Opening "Scandinavian: Pytel-Wade variation"]
[ECO "B01"]
[Time "08:57:48"]
[TimeControl "2700+45"]

1. e4 d5 2. exd5 Qxd5 3. Nc3 Qd6 4. d4 g6 5. Nf3 Bg7 6. Bc4 Nf6 7. O-O O-O 8.
Nb5 Qd8 9. Bf4 Na6 10. c3 c6 11. Na3 Nc7 12. Re1 Bf5 13. Qc1 Nfd5 14. Bh6 Re8
15. Bxg7 Kxg7 16. Bb3 f6 17. Nc4 Qd7 18. Qd2 Rad8 19. h3 Bxh3 20. gxh3 Qxh3 21.
Nh2 Ne6 22. Qe2 Ng5 23. Kh1 Nf4 24. Qg4 Nd3 25. Rf1 h5 26. Qxh3 Nxh3 27. Bc2
Nhxf2+ 28. Kg2 c5 29. Nf3 cxd4 30. cxd4 Rc8 31. b3 b5 32. Na3 Rc3 33. Bxd3 Nxd3
34. Nxb5 Rc2+ 35. Kg1 Rb8 36. Na3 Re2 37. d5 Nb4 38. Nd4 Rxa2 39. Rxa2 Nxa2 40.
Nab5 Nb4 41. Nc7 Kf7 42. Ra1 a6 43. Ra4 Rb6 44. Kh2 g5 45. Nf5 h4 46. Ra3 Nd3
47. Ne6 Nb4 48. Ra5 Nd3 49. Ned4 Ke8 50. Kg2 Kd7 51. Kf3 Ne5+ 52. Ke2 h3 53. Kf2
Nd3+ 54. Kg3 Nf4 55. Ne3 Ke8 56. Rc5 Rd6 57. Rc8+ Rd8 58. Rc5 Rd6 59. b4 Rb6 60.
Rc8+ Kd7 61. Rc4 Rd6 62. Ndf5 Rb6 63. Re4 e5 64. Rc4 Rb5 65. d6 Rb7 66. Kh2 Rb6
67. Rc7+ Kd8 68. Ra7 Rxb4 69. Rxa6 Rb2+ 70. Kg3 h2 71. Ra8+ Kd7 72. Ra7+ Kd8 73.
Rh7 Rd2 74. Rxh2 Rxh2 75. Kxh2 Ng6 76. Ng4 Nh8 77. Nxf6 Nf7 78. Ne4 Kd7 79. Kg3
Kd8 80. Nf6 e4 81. Nxe4 Kd7 82. Kg4 Nxd6 83. Nfxd6 Ke6 84. Nf5 Ke5 85. Nc3 Ke6
86. Nd1 Ke5 87. Nf2 Ke6 88. Nh1 Ke5 89. Nhg3 Ke6 90. Ne3 Ke5 91. Ngf5 Ke6 92.
Nh6 Ke5 93. Nef5 Ke6 94. Ng3 Ke5 95. Kf3 g4+ 96. Ke3 Kd5 97. Kf4 Ke6 98. Ke4 Kf6
99. Nhf5 Ke6 100. Kd4 Kf6 101. Kd5 Kg5 102. Ke5 Kg6 103. Kf4 Kf6 104. Nd4 Kg6
105. Ne6 Kf6 106. Ng5 Kg6 107. N5e4 Kf7 108. Ke5 Ke8 109. Ke6 Kd8 110. Nc5 Kc7
111. Nd3 Kc6 112. Ke5 Kc7 113. Kd5 Kb6 114. Ne5 Kb5 115. Nd7 Kb4 116. Kd4 Kb5
117. Nf8 Kb4 118. Ng6 Kb5 119. Ne5 Kb4 120. Nc6+ Kb5 121. Kd5 Kb6 122. Nd4 Kc7
123. Kc5 Kb7 124. Nb5 Ka6 125. Nd6 Ka5 126. Nb7+ Ka4 127. Kc4 Ka3 128. Kc3 Ka4
129. Nd6 Ka5 130. Kc4 Kb6 131. Nde4 Kc6 132. Nf6 Kb6 133. Ng8 Kc6 134. Ne7+ Kd6
135. Nef5+ Ke5 136. Kc5 Ke6 137. Ne3 Ke5 138. Nd5 Ke6 139. Kd4 Kd7 140. Kc5 Ke6
{Game drawn by mutual agreement} 1/2-1/2

[Event "Team 45 45 League T38"]
[Site "Internet Chess Club"]
[Date "2008.09.23"]
[Round "9"]
[White "cappelo-upgrate"]
[Black "andreip"]
[Result "1-0"]
[WhiteElo "2243"]
[BlackElo "2122"]
[Opening "QGD: 4.Bg5 Be7"]
[ECO "D53"]
[Time "14:14:24"]
[TimeControl "2700+45"]

1. d4 d5 2. c4 e6 3. Nc3 Nf6 4. Bg5 Be7 5. cxd5 exd5 6. Qc2 c6 7. e3 O-O 8. Bd3
Nbd7 9. Nf3 h6 10. Bh4 Ne8 11. Bxe7 Qxe7 12. O-O Nd6 13. b4 Nf6 14. b5 cxb5 15.
Nxb5 Bd7 16. Nxd6 Qxd6 17. Rfb1 Rac8 18. Qb2 Rc7 19. Ne5 Rfc8 20. Rc1 Be6 21. f3
Nd7 22. Nxd7 Bxd7 23. Rxc7 Qxc7 24. Rb1 b6 25. Ba6 Re8 26. Re1 Bf5 27. Rc1 Qe7
28. Rc3 Qg5 29. Qc1 Bh3 30. Bf1 Bf5 31. a4 h5 32. Bb5 Re7 33. g3 Bh3 34. Kf2 h4
35. Qa3 hxg3+ 36. hxg3 Re6 37. Rc8+ Kh7 38. f4 Qg6 39. Bd3 Bf5 40. Qf8 Qg4 41.
Qh8+ Kg6 42. Rg8 Kf6 43. Be2 Qh3 44. Qxg7+ Ke7 45. Rh8 {Black resigns} 1-0

[Event "Team 45 45 League T38"]
[Site "Internet Chess Club"]
[Date "2008.09.21"]
[Round "9"]
[White "alaskauk"]
[Black "Ghashgork"]
[Result "1/2-1/2"]
[WhiteElo "1516"]
[BlackElo "1686"]
[Opening "Pirc defense"]
[ECO "B07"]
[Time "15:03:27"]
[TimeControl "2700+45"]

1. e4 d6 2. d4 Nf6 3. Nc3 e5 4. dxe5 dxe5 5. Qxd8+ Kxd8 6. Nf3 Bd6 7. Bg5 Be6 8.
O-O-O Ke7 9. Kb1 h6 10. Bxf6+ gxf6 11. a3 c6 12. Nd2 Nd7 13. f3 Nb6 14. Be2 h5
15. Nf1 Rag8 16. Ne3 Bc5 17. Nf5+ Bxf5 18. exf5 Rxg2 19. Rd3 Rg1+ 20. Rd1 Rxh1
21. Rxh1 Rg8 22. h3 Rg1+ 23. Rxg1 Bxg1 24. Ne4 Nd5 25. Kc1 Nf4 26. Bf1 h4 27. b4
Nh5 28. Bd3 Bd4 29. Kd2 Ng3 30. Nc3 Bxc3+ 31. Kxc3 Nh5 32. a4 Nf4 33. Bf1 Kd6
34. Kc4 b6 35. c3 a5 36. Kb3 Nd5 37. Bd3 Nf4 38. Bf1 Nd5 {Game drawn by mutual
agreement} 1/2-1/2

[Event "Team 45 45 League T38"]
[Site "Internet Chess Club"]
[Date "2008.09.20"]
[Round "9"]
[White "Mutaant"]
[Black "kingphisch"]
[Result "1-0"]
[WhiteElo "1491"]
[BlackElo "1476"]
[Opening "Caro-Kann: Hillbilly attack"]
[ECO "B10"]
[Time "22:15:25"]
[TimeControl "2700+45"]

1. e4 c6 2. Bc4 d5 3. exd5 cxd5 4. Bb3 Nf6 5. h3 e6 6. d4 Nbd7 7. Nf3 Bd6 8. O-O
O-O 9. Bg5 Qc7 10. Nbd2 b6 11. c3 Bb7 12. Re1 Rfe8 13. Ba4 Be7 14. Ne5 Rad8 15.
Bxf6 Bxf6 16. Nxd7 Rxd7 17. Bxd7 Qxd7 18. Nf3 Rc8 19. Ne5 Qc7 20. Qg4 Rf8 21.
Re3 Bc8 22. Rae1 Bxe5 23. Rxe5 Qd7 24. R5e3 Qc6 25. Qg3 f5 26. Qe5 Rf6 27. Rf3
Qe8 28. g4 Qg6 29. Kh2 fxg4 30. Rxf6 Qxf6 31. Qxf6 gxf6 32. hxg4 Kg7 33. Kg3 Kg6
34. f4 Kf7 35. b4 Bd7 36. Rc1 Bb5 37. f5 Bc4 38. fxe6+ Kxe6 39. a3 a6 40. Kf4 b5
41. Ke3 Kf7 42. Kf4 Ke6 43. g5 fxg5+ 44. Kxg5 Kd7 45. Re1 Bd3 46. Kf6 Be4 47.
Rg1 Bg6 48. Ra1 Kd6 49. a4 Bd3 50. axb5 Bxb5 51. Kg5 Bd3 52. Kf4 Kc6 53. Ke3 Bc4
54. Rh1 Kb5 55. Rxh7 Ka4 56. Ra7 Kb3 57. Kd2 Bb5 58. Ra8 Bc4 59. Rd8 Ka4 60. Kc2
Bb3+ 61. Kb2 Bc4 62. Rd6 Kb5 63. Ka3 a5 64. bxa5 Kxa5 65. Rd8 Kb5 66. Rb8+ Kc6
67. Kb4 Kc7 68. Rf8 Kd7 69. Kc5 Ke7 70. Rf5 Ke6 71. Re5+ Kd7 72. Rxd5+ Bxd5 73.
Kxd5 Kd8 74. c4 Kd7 75. c5 Kd8 76. Ke6 Ke8 77. d5 Kd8 78. d6 Ke8 79. c6 Kd8 80.
d7 Kc7 81. Ke7 {Black resigns} 1-0

[Event "Team 45 45 League T38"]
[Site "Internet Chess Club"]
[Date "2008.09.20"]
[Round "9"]
[White "bajerk"]
[Black "seldredg"]
[Result "0-1"]
[WhiteElo "1377"]
[BlackElo "1305"]
[Opening "Scandinavian: Pytel-Wade variation"]
[ECO "B01"]
[Time "11:31:26"]
[TimeControl "2700+45"]

1. e4 d5 2. exd5 Qxd5 3. Nc3 Qd6 4. h3 Nf6 5. d4 a6 6. a3 Bf5 7. Nf3 e6 8. Nh4
g6 9. Nxf5 gxf5 10. g3 Nbd7 11. Bg2 O-O-O 12. Qf3 c6 13. Be3 Nb6 14. b3 h5 15.
Na4 Nfd7 16. c4 Qe7 17. Nxb6+ Nxb6 18. c5 Nd5 19. O-O Bh6 20. Bxh6 Rxh6 21. b4
Rg8 22. Qb3 h4 23. Rac1 hxg3 24. fxg3 Qg5 25. Rf3 Qxc1+ 26. Kh2 Rg4 27. Qd3 Qg5
28. Qe2 f4 29. Qf2 fxg3+ 30. Rxg3 Rxg3 31. Qxg3 Qxg3+ 32. Kxg3 Rg6+ 33. Kh2 f5
34. Bf1 Nc7 35. Bd3 Nb5 {White resigns} 0-1